 Dungeon Crawl Stone Soup version 0.27.0-1-g7a089689b8 (webtiles) character file.

Game seed: 240859781364315112

106 ubername the Chiller (level 4, -8/30 HPs)
             Began as a Barachi Ice Elementalist on July 31, 2021.
             Mangled by Sigmund (9 damage)
             ... on level 3 of the Dungeon.
             The game lasted 00:05:49 (2415 turns).

ubername the Chiller (Barachi Ice Elementalist)     Turns: 2415, Time: 00:05:50

Health: -8/30      AC:  3    Str:  9    XL:     4   Next: 84%
Magic:  16/17      EV: 11    Int: 17    God:
Gold:   102        SH:  0    Dex: 12    Spells: 5/9 levels left

rFire    x . .     SeeInvis .   r - +2 short sword (flame)
rCold    + . .     Faith    .   (no shield)
rNeg     . . .     Spirit   .   h - +0 leather armour
rPois    .         Reflect  .   (no helmet)
rElec    .         Harm     .   (no cloak)
rCorr    .         Rampage  .   (no gloves)
Will     .....                  (no boots)
Stlth    ++........             (no amulet)
HPRegen  0.10/turn              j - ring of ice
MPRegen  0.15/turn              m - ring of magical power

@: slow
A: amphibious, slowness 1, strong legs 1, +LOS
a: Hop


You were on level 3 of the Dungeon.
You visited 1 branch of the dungeon, and saw 3 of its levels.

You collected 102 gold pieces.

Inventory:

Hand Weapons
 r - a +2 short sword of flaming (weapon)
Missiles
 g - 27 stones
 i - 19 poisoned darts (quivered)
 n - 3 boomerangs
 q - 2 javelins
Armour
 h - a +0 leather armour (worn)
 p - a +0 ring mail
Jewellery
 a - a ring of see invisible
 j - a ring of ice (left hand)
 m - a ring of magical power (right hand)
Scrolls
 d - a scroll of holy word
 e - a scroll of identify
 k - a scroll of vulnerability
Potions
 c - a potion of degeneration {unknown}
 l - a potion of flight {unknown}
 o - a potion of heal wounds {unknown}


   Skills:
 + Level 0.2 Short Blades
 + Level 0.1 Throwing
 * Level 0.8 Armour
 + Level 2.2 Dodging
 + Level 2.2 Stealth
 + Level 3.0 Spellcasting
 + Level 6.2 Ice Magic


You had 5 spell levels left.
You knew the following spells:

 Your Spells              Type           Power      Damage    Failure   Level
a - Freeze                Ice            100%       1d11      1%          1
b - Frozen Ramparts       Ice            72%        1d9       5%          3

Your spell library contained the following spells:

 Spells                   Type           Power      Damage    Failure   Level
 Ozocubu's Armour         Ice            36%        N/A       5%          3
 Corpse Rot               Necr/Air       N/A        N/A       34%         2
 Poisonous Vapours        Pois/Air       4%         N/A       34%         2
 Hailstorm                Conj/Ice       19%        3d6       54%         4
 Conjure Flame            Conj/Fire      2%         6-21      56%         3
 Ignite Poison            Fire/Tmut/Pois 2%         N/A       56%         3
 Sticky Flame             Conj/Fire      2%         2d3       93%         4
 Freezing Cloud           Conj/Ice/Air   7%         6-21      95%         5


Dungeon Overview and Level Annotations

Branches:
Dungeon (3/15)

Altars:
Ru

Annotations:
D:3 Sigmund


Innate Abilities, Weirdness & Mutations

You are amphibious.
You cover ground slowly.
You can hop short distances.
You have an extended range of vision and can be seen from far away.


Message History

You throw a poisoned dart. The poisoned dart hits the gnoll.
The gnoll is poisoned.
The gnoll is severely wounded.
The wall freezes the gnoll.
You kill the gnoll!
Your Spellcasting skill increases to level 3!
Throw: 21 darts (poison)
Press: ? - help, Q - select action, (/) - cycle Shift-Dir - straight line, f - gnoll
Aim: a gnoll, wielding a +0 spear (60% to hit)
You throw a poisoned dart.
The poisoned dart barely misses the gnoll.
Throw: 20 darts (poison)
Press: ? - help, Q - select action, (/) - cycle Shift-Dir - straight line, f/p - gnoll
Aim: a gnoll, wielding a +0 spear (60% to hit)
You throw a poisoned dart. The poisoned dart hits the gnoll.
The gnoll is poisoned.
You are confused.
The wall freezes the gnoll.
The wall freezes the gnoll.
The gnoll hits you from afar with a +0 spear.
A dart slug comes into view.
The wall freezes something.
The wall freezes the gnoll!
You kill the gnoll!
The wall freezes something.
The frozen ramparts melt away.
Something hits you! The dart slug launches a dart at you.
The slug dart hits you but does no damage.
You bump into the rock wall.
Something hits you!
* * * LOW HITPOINT WARNING * * *
You're too confused to cast spells.
Unknown command.
You are too confused!
It was a potion of curing.
You feel better. Something hits you!
* * * LOW HITPOINT WARNING * * *
Something hits you.
* * * LOW HITPOINT WARNING * * *
Something hits you.
* * * LOW HITPOINT WARNING * * *
Something hits you!
You die...

#.(#.#
#(.#.#
#..#.# ..#.#
(.#.# #)#.#
### #)#.#
#<#
########.#.#
####.#
#......@.#.#
.....#
#.########.#
#....# #.#
#.# #....#
#.# #.#
#....# #.#
#.# ######.
#.# #.# #.#
#.# #.# #.#
#.# #.# #.#
#.# #.#


There were no monsters in sight!

Vanquished Creatures
  2 adders (D:2)
  3 gnolls (D:3)
  A dart slug (D:2)
  6 ball pythons
  8 endoplasms
  3 giant cockroaches (D:1)
  2 goblins
  5 hobgoblins
  6 jackals
  2 quokkas
  6 bats
  2 frilled lizards (D:3)
  4 kobolds
50 creatures vanquished.

Notes
Turn   | Place    | Note
-------+----------+-------------------------------------------
     0 | D:1      | ubername the Barachi Ice Elementalist began the quest for
                  | the Orb.
     0 | D:1      | Reached XP level 1. HP: 13/13 MP: 3/3
    53 | D:1      | Reached skill level 5 in Ice Magic
   216 | D:1      | Reached XP level 2. HP: 19/19 MP: 1/5
   526 | D:1      | Found a faded altar of an unknown god.
   962 | D:1      | Reached XP level 3. HP: 24/24 MP: 6/6
  1294 | D:2      | Learned a level 3 spell: Frozen Ramparts
  1308 | D:2      | Found a sacrificial altar of Ru.
  1573 | D:2      | Reached XP level 4. HP: 28/30 MP: 8/8
  2357 | D:3      | Reached skill level 6 in Ice Magic
  2400 | D:3      | Noticed Sigmund
  2415 | D:3      | HP: 1/30 [something (3)]
  2415 | D:3      | Mangled by Sigmund

Illustrated notes

Levels and vault maps discovered:
D:1:      lightli_arrival_flooded_house, layout_loops_ring,
          hellmonk_ecumenical_altar_arch_garden,
          amcnicky_mini_rare_corridor_liquid
D:2:      layout_basic, basic_altar
D:3:      layout_basic, chequers_serial_rivers_small_3, uniq_grinder,
          uniq_sigmund

Skill      XL: |  1  2  3  4 |
---------------+-------------+-----
Ice Magic      | 5 6 |  6.2
Stealth        | 2 |  2.2
Spellcasting   | 3 |  3.0
Short Blades   | |  0.2
Throwing       | |  0.1
Armour         | |  0.8
Dodging        | |  2.2

Action                   |  1- 3 |  4- 6 || total
-------------------------+-------+-------++-------
Melee: Unarmed           |     3 |       ||     3
       Short sword       |    10 |       ||    10
Throw: Javelin           |       |    11 ||    11
       Dart              |       |     6 ||     6
       Stone             |       |     2 ||     2
 Cast: Freeze            |    39 |     3 ||    42
       Frozen Ramparts   |     2 |     5 ||     7
  Use: Scroll            |     1 |     2 ||     3
       Potion            |       |     1 ||     1
Armor: Robe              |     7 |       ||     7
       Leather armour    |       |     5 ||     5
Dodge: Dodged            |    26 |     4 ||    30
